 Dungeon Crawl Stone Soup version 0.19.1-1-g22dce08 (webtiles) character file.

1575 dvd the Cudgeler (level 8, 0/118 HPs)
             Began as a Troll Berserker on Jan 14, 2017.
             Was a Priest of Trog.
             Slain by an orc warrior
             ... wielding a +1 trident of flaming
              (2 damage)
             ... on level 6 of the Dungeon.
             The game lasted 00:10:12 (5001 turns).

dvd the Cudgeler (Troll Berserker)                  Turns: 5001, Time: 00:10:13

Health: 0/118      AC: 14    Str: 31    XL:     8   Next: 60%
Magic:  7/7        EV: 11    Int:  3    God:    Trog [***...]
Gold:   316        SH:  0    Dex: 11    Spells: 0 memorised, 7 levels left

rFire  . . .     SeeInvis .     x - +1 mace (protect)
rCold  + . .     Gourm    +     b - +0 animal skin
rNeg   . . .     Faith    .     (no shield)
rPois  .         Spirit   .     (helmet restricted)
rElec  .         Reflect  .     I - +0 cloak
rCorr  .         Harm     .     (gloves unavailable)
MR     .....                    (boots unavailable)
Stlth  ..........               t - amulet of regeneration
                                u - +1 ring of protection
                                h - ring of protection from cold

@: berserking (expiring), protection aura, very quick
A: unfitting armour, claws 3, fast metabolism 3, gourmand, regeneration 1,
shaggy fur 1, tough skin 2
a: Berserk, Trog's Hand, Burn Spellbooks, Renounce Religion


You were on level 6 of the Dungeon.
You worshipped Trog.
Trog was most pleased with you.
You were not hungry.

You visited 2 branches of the dungeon, and saw 7 of its levels.

You collected 326 gold pieces.
You spent 10 gold pieces at shops.

Inventory:

Hand Weapons
 a - a +4 mace
 x - a +1 mace of protection (weapon)
Armour
 b - a +0 animal skin (worn)
 I - a +0 cloak (worn)
Magical Staves
 H - an uncursed staff of poison
Jewellery
 h - a ring of protection from cold (left claw)
 t - an amulet of regeneration (around neck)
 u - a +1 ring of protection (right claw)
 y - an uncursed ring of flight
 D - an uncursed ring of resist corrosion
 E - an uncursed ring of positive energy
Scrolls
 e - a scroll of enchant weapon {unknown}
 f - 4 scrolls of remove curse
 g - a scroll of magic mapping {unknown}
 i - 3 scrolls of teleportation
 l - 2 scrolls of fog {unknown}
 o - 2 scrolls of enchant armour {unknown}
 p - a scroll of amnesia {unknown}
 q - 5 scrolls of identify
 z - a scroll of immolation {unknown}
 B - a scroll of torment {unknown}
 C - a scroll of acquirement {unknown}
Potions
 d - 3 potions of curing {unknown}
 j - 2 potions of agility {unknown}
 k - 3 potions of might {unknown}
 m - 4 potions of flight {unknown}
 n - 2 potions of brilliance {unknown}
 r - a potion of resistance
 v - a potion of ambrosia {unknown}
 w - 2 potions of haste {unknown}
 A - 2 potions of heal wounds {unknown}
 F - a potion of magic {unknown}
 G - a potion of cure mutation {unknown}
Comestibles
 c - 10 bread rations
 s - a beef jerky


   Skills:
 + Level 4.5 Fighting
 + Level 7.8 Maces & Flails
 + Level 4.6 Dodging
 + Level 1.6 Stealth


You had 7 spell levels left.
You didn't know any spells.

Dungeon Overview and Level Annotations

Branches:
Dungeon (6/15)             Temple (1/1) D:6

Altars:
Ashenzari
Cheibriados
Dithmenos
Elyvilon
Fedhas
Gozag
Hepliaklqana
Kikubaaqudgha
Makhleb
Okawaru
Qazlal
Ru
Trog
Vehumet
Yredelemnul
Zin
The Shining One

Shops:
D:4 !

Annotations:
D:5 Dowan


Innate Abilities, Weirdness & Mutations

You are too large for most types of armour.
You have claws for hands.
Your metabolism is lightning-fast.
You like to eat raw meat.
Your natural rate of healing is unusually fast.
You are covered in fur. (AC +1)
You have very tough skin. (AC +2)


Message History

* * * LOW HITPOINT WARNING * * *
The orc warrior burns you.
* * * LOW HITPOINT WARNING * * *
You hit the orc warrior but do no damage.
The gnoll hits you but does no damage.
The orc wizard mumbles some strange words.
The orc wizard blinks!
The orc hits you but does no damage. The orc wizard misses you.
You barely miss the orc warrior. The orc warrior closely misses you.
The gnoll hits you but does no damage.
Unknown command.
You hit the orc warrior.
The orc warrior is moderately wounded.
The orc wizard gestures wildly while chanting.
The orc wizard blinks!
The orc closely misses you.
The orc wizard hits you but does no damage.
The orc warrior hits you with a trident of flaming.
* * * LOW HITPOINT WARNING * * *
The orc warrior burns you.
You die...

#.....+. #.....#.
##.(....######
#............' #####
##............# ....#
#............# ....#
#._..⌠.)o....## ....#
#^.....@o......
....#######...§og§..?...
....#...........).......
#####............#+#####
....#.....o#.........
....#......+..........
....#......#..........
##'##......#..........
...##......#..........


You could see an orc warrior, 2 orc wizards, a gnoll and an orc.

Vanquished Creatures
  The ghost of feelmyfire the Archer, a novice CeHu (D:5)
  The ghost of dscm the Chopper, an amateur HOFi (D:4)
  Menkaure (D:5)
  Duvessa (D:5)
  2 ogres
  A bullfrog (D:5)
  A water moccasin skeleton (D:5)
  The ghost of feelmyfire the Shooter, a weakling CeHu (D:3)
  A howler monkey (D:4)
  A jelly (D:6)
  A crimson imp (D:3)
  An orc priest (D:6)
  A hound (D:5)
  A bullfrog skeleton (D:6)
  An orc wizard (D:3)
  A centaur skeleton (D:6)
  2 worker ants
  6 gnolls
  6 adders
  A shadow imp (D:6)
  An ooze (D:1)
  2 worms
  A dart slug (D:1)
  5 leopard geckos
  5 orcs
  2 giant cockroaches
  3 goblins
  4 hobgoblins
  9 jackals
  6 kobolds
  3 quokkas
  2 ball pythons
  8 bats
  5 frilled lizards
  2 jackal skeletons (D:4)
  11 rats
101 creatures vanquished.

Notes
Turn   | Place    | Note
-------+----------+-------------------------------------------
     0 | D:1      | dvd the Troll Berserker began the quest for the Orb.
     0 | D:1      | Reached XP level 1. HP: 22/22 MP: 0/0
    79 | D:1      | Reached XP level 2. HP: 29/29 MP: 1/1
   131 | D:1      | Reached skill level 3 in Maces & Flails
   820 | D:1      | Reached XP level 3. HP: 33/36 MP: 2/2
   971 | D:2      | Reached ** piety under Trog
  1006 | D:2      | Found an ancient bone altar of Kikubaaqudgha.
  1614 | D:2      | Reached XP level 4. HP: 38/45 MP: 3/3
  2024 | D:3      | Found a bloodstained altar of Trog.
  2025 | D:3      | Noticed feelmyfire's ghost (weakling CeHu)
  2032 | D:3      | Killed feelmyfire's ghost
  2248 | D:3      | Reached XP level 5. HP: 53/53 MP: 4/4
  2270 | D:3      | Reached skill level 4 in Maces & Flails
  2341 | D:3      | Found a snail-covered altar of Cheibriados.
  2503 | D:3      | Found a burning altar of Makhleb.
  2811 | D:4      | Noticed dscm's ghost (amateur HOFi)
  2822 | D:4      | Killed dscm's ghost
  2822 | D:4      | Reached skill level 5 in Maces & Flails
  2822 | D:4      | Reached skill level 1 in Stealth
  2822 | D:4      | Reached XP level 6. HP: 61/61 MP: 5/5
  3044 | D:4      | Found a white marble altar of Elyvilon.
  3121 | D:4      | Reached XP level 7. HP: 68/68 MP: 6/6
  3238 | D:4      | Reached *** piety under Trog
  3363 | D:4      | Found Raugamu's Distillery.
  3367 | D:4      | Bought a potion of degeneration for 10 gold pieces
  3455 | D:5      | Entered Level 5 of the Dungeon
  3489 | D:5      | Noticed Menkaure
  3496 | D:5      | Killed Menkaure
  3626 | D:5      | Noticed feelmyfire's ghost (novice CeHu)
  3633 | D:5      | Killed feelmyfire's ghost
  3633 | D:5      | Reached skill level 6 in Maces & Flails
  3689 | D:5      | Reached XP level 8. HP: 39/78 MP: 7/7
  4051 | D:5      | Noticed Duvessa
  4051 | D:5      | Noticed Dowan
  4067 | D:5      | Killed Duvessa
  4067 | D:5      | Reached skill level 7 in Maces & Flails
  4460 | D:6      | Found an iron altar of Okawaru.
  4551 | D:6      | Found a staircase to the Ecumenical Temple.
  4559 | Temple   | Entered the Ecumenical Temple
  4973 | D:6      | Found a radiant altar of Vehumet.
  4973 | D:6      | Found a basalt altar of Yredelemnul.
  5001 | D:6      | HP: 2/118 [orc warrior/trident of flaming (6)]
  5001 | D:6      | Slain by an orc warrior

Skill      XL: |  1  2  3  4  5  6  7  8 |
---------------+-------------------------+-----
Maces & Flails | 3 5 6 7 |  7.8
Fighting       | 3 4 |  4.5
Dodging        | 3 4 |  4.6
Stealth        | 1 |  1.6

Action                   |  1- 3 |  4- 6 |  7- 9 || total
-------------------------+-------+-------+-------++-------
Melee: Mace              |   113 |   110 |   133 ||   356
Invok: Berserk           |       |     3 |     4 ||     7
       Burn Spellbooks   |       |     1 |       ||     1
  Use: Scroll            |       |       |     3 ||     3
 Stab: Sleeping          |     1 |     1 |       ||     2
  Eat: Chunk             |    19 |    13 |    13 ||    45
       Royal jelly       |       |       |     1 ||     1
       Meat ration       |       |       |     1 ||     1
Armor: Animal skin       |    48 |    46 |    59 ||   153
Dodge: Dodged            |    70 |    55 |    83 ||   208
